Map: Proxima Station LE

Players

Snute - Winner!

  • Race: Zerg Zerg
  • Spawn Location: 7:00

Kelazhur

  • Race: Terran Terran
  • Spawn Location: 1:00

Event: WCS Austin 2017

VOD

https://www.youtube.com/watch?v=yBRbZmpdeEw&list=PLHZ-lw26q81Wz4tyHPrGkWGsKJENhYMnp&index=10

Description

Time

  • Played on: April 29, 2017, 4:32 p.m.
  • Length: 20:29

All games in this series

Show
View Real Time Build Order
Export as new Build Order

Snute Zerg - Winner!

Build Orders: Hatch First 

Get SALT Encoding   

  12  0:00  Drone  
  13  0:12  Overlord  
  13  0:16  Drone  
  14  0:30  Drone x2  
  14  0:34  Drone  
  17  0:52  Hatchery  
  17  0:54  Drone  
  17  0:57  Drone  
  18  0:59  Extractor  
  17  1:12  Spawning Pool  
  17  1:15  Drone  
  17  1:19  Drone  
  18  1:27  Drone  
  19  1:38  Overlord  
  19  1:49  Drone  
  20  1:59  Queen  
  20  2:00  Metabolic Boost  
  22  2:02  Drone  
  22  2:05  Drone  
  22  2:06  Queen  
  26  2:12  Drone  
  26  2:15  Drone  
  28  2:21  Drone  
  29  2:26  Drone  
  30  2:32  Drone  
  31  2:38  Hatchery  
  31  2:42  Queen  
  32  2:47  Overlord  
  32  2:49  Drone  
  33  2:52  Drone  
  33  2:53  Drone  
  33  2:58  Zergling x2  
  36  3:05  Zergling x2  
  37  3:07  Drone x3  
  37  3:09  Zergling x2  
  41  3:13  Overlord  
  41  3:16  Queen  
  41  3:18  Overlord  
  43  3:23  Overlord  
  43  3:24  Drone  
  44  3:33  Drone x2  
  46  3:36  Zergling x2  
  46  3:38  Zergling x2  
  46  3:40  Drone x3  
  51  3:43  Queen  
  51  3:46  Drone x2  
  51  3:47  Drone  
  56  3:50  Drone  
  56  3:53  Drone x2  
  57  4:05  Drone x3  
  57  4:07  Drone x2  
  60  4:13  Zergling x6  
  60  4:16  Zergling x2  
  62  4:22  Overlord  
  62  4:23  Drone  
  63  4:26  Zergling x2  
  63  4:28  Zergling x6  
  64  4:34  Evolution Chamber  
  64  4:35  Drone x3  
  64  4:37  Evolution Chamber  
  65  4:43  Drone  
  65  4:44  Drone  
  66  4:45  Drone  
  67  4:54  Drone  
  67  4:55  Drone  
  67  4:56  Drone  
  66  5:00  Zerg Ground Armor Level 1  
  66  5:03  Drone x3  
  66  5:05  Drone, Overlord  
  66  5:06  Zerg Missile Weapons Level 1  
  70  5:09  Drone, Queen  
  70  5:10  Extractor  
  73  5:14  Drone x3  
  73  5:16  Drone  
  73  5:18  Drone  
  77  5:22  Drone  
  77  5:26  Drone  
  77  5:28  Roach Warren  
  78  5:29  Drone  
  78  5:30  Extractor  
  78  5:31  Drone x2, Extractor  
  78  5:32  Drone x2  
  78  5:34  Extractor  
  80  5:37  Drone, Extractor  
  80  5:39  Lair  
  80  5:41  Drone, Overlord  
  81  5:45  Hatchery  
  81  5:46  Drone  
  81  5:48  Overlord x2  
  81  5:59  Drone x4  
  83  6:09  Roach x5  
  83  6:11  Roach, Spore Crawler  
  92  6:12  Roach x2  
  92  6:15  Overlord  
  92  6:16  Roach  
  92  6:17  Roach x2, Overlord  
  104  6:22  Drone  
  104  6:24  Overlord  
  105  6:31  Overlord x2  
  105  6:35  Drone  
  105  6:36  Drone  
  105  6:37  Glial Reconstitution  
  107  6:40  Drone x2  
  107  6:42  Infestation Pit  
  107  6:44  Roach x4  
  116  6:50  Roach x4  
  124  6:56  Zerg Ground Armor Level 2  
  124  6:59  Roach x2  
  128  7:04  Zerg Missile Weapons Level 2  
  128  7:10  Drone x2  
  128  7:11  Drone x4  
  128  7:12  Drone  
  135  7:15  Drone  
  135  7:16  Drone x3  
  135  7:17  Extractor  
  135  7:19  Extractor  
  135  7:23  Ravager  
  135  7:24  Ravager x2  
  134  7:33  Roach x7  
  134  7:36  Drone x2  
  150  7:44  Spore Crawler  
  147  7:45  Drone x2  
  147  7:47  Drone x2  
  147  7:49  Spore Crawler  
  150  7:52  Spore Crawler  
  150  7:56  Overlord  
  150  7:57  Overlord x2  
  149  8:00  Overlord  
  149  8:12  Drone x3  
  145  8:14  Infestor x3  
  151  8:20  Ravager  
  151  8:21  Ravager  
  151  8:24  Spore Crawler  
  151  8:25  Overlord, Spore Crawler  
  151  8:28  Roach x5  
  161  8:36  Burrow  
  161  8:37  Drone x2, Hive  
  163  8:45  Infestor  
  163  8:47  Overlord  
  165  8:49  Roach x3  
  165  8:55  Drone, Spore Crawler x2  
  171  8:56  Spore Crawler  
  171  8:57  Spore Crawler  
  171  9:01  Ravager x2  
  170  9:06  Drone  
  170  9:07  Drone x2  
  170  9:08  Drone x3  
  176  9:15  Spire  
  176  9:16  Roach x4  
  183  9:23  Spore Crawler  
  182  9:30  Roach x3  
  188  9:33  Spore Crawler  
  188  9:37  Roach x5  
  187  9:47  Roach x6  
  199  10:01  Zerg Missile Weapons Level 3  
  199  10:20  Ravager  
  198  10:21  Ravager  
  199  10:29  Greater Spire  
  196  10:38  Hatchery  
  194  10:44  Ravager  
  195  10:51  Ravager x2  
  195  10:52  Ravager  
  195  10:54  Pathogen Glands  
  197  11:21  Corruptor x3  
  199  11:43  Corruptor x2  
  199  11:45  Zerg Flyer Armor Level 1  
  189  11:47  Corruptor  
  195  11:54  Brood Lord x3  
  195  12:04  Corruptor  
  195  12:07  Extractor  
  196  12:09  Drone  
  196  12:10  Drone x3, Pneumatized Carapace, Extractor  
  199  12:22  Overseer x3  
  196  12:34  Hatchery  
  196  12:36  Evolution Chamber  
  190  12:40  Evolution Chamber  
  185  12:50  Corruptor x2  
  185  12:51  Corruptor x3  
  189  12:53  Drone x2, Overlord  
  189  12:54  Overlord  
  197  13:15  Spore Crawler  
  197  13:16  Spore Crawler  
  195  13:23  Zerg Melee Weapons Level 1, Zerg Ground Armor Level 3  
  195  13:27  Extractor  
  195  13:30  Drone  
  195  13:31  Drone x5  
  200  13:37  Tunneling Claws  
  200  13:42  Adrenal Glands, Zerg Flyer Armor Level 2  
  198  14:13  Queen  
  200  14:42  Hatchery, Spore Crawler  
  188  15:10  Roach  
  188  15:12  Infestor x2  
  186  15:15  Viper x4  
  186  15:18  Zerg Melee Weapons Level 2  
  186  15:27  Corruptor x2  
  186  15:28  Corruptor  
  178  15:36  Drone x3  
  179  15:44  Corruptor x3  
  179  15:46  Brood Lord x4  
  179  15:47  Brood Lord  
  179  15:49  Overseer x2, Spore Crawler  
  194  15:50  Spore Crawler x2  
  194  15:52  Spore Crawler x4  
  194  15:53  Spore Crawler  
  194  15:54  Spore Crawler x2  
  194  15:55  Spore Crawler  
  194  15:56  Hatchery  
  184  16:01  Zerg Flyer Armor Level 3  
  181  16:10  Brood Lord x2  
  183  16:11  Spore Crawler, Corruptor x3  
  183  16:12  Spore Crawler  
  183  16:17  Spore Crawler  
  186  16:20  Spore Crawler  
  186  16:21  Spore Crawler  
  184  16:29  Brood Lord x2  
  184  16:30  Brood Lord  
  190  16:42  Extractor  
  190  16:43  Drone x3  
  190  16:45  Spore Crawler  
  191  16:47  Drone x3  
  191  16:48  Drone x3  
  184  17:14  Viper, Infestor x3  
  184  17:15  Viper x2  
  182  17:19  Drone  
  182  17:20  Drone x8  
  193  17:28  Infestor x3  
  195  17:32  Infestor x3  
  200  17:37  Hatchery  
  188  18:22  Brood Lord  
  188  18:23  Brood Lord x2  
  194  18:32  Hatchery  
  194  18:33  Corruptor x3  
  199  18:52  Spore Crawler  
  199  18:53  Spore Crawler  
  199  18:54  Spore Crawler  
  199  18:55  Overseer x2  
  196  18:56  Spore Crawler  
  195  19:17  Evolution Chamber x2  
  195  19:18  Evolution Chamber x2, Corruptor x4  
  196  19:57  Corruptor x2  
Show
View Real Time Build Order
Export as new Build Order

Kelazhur Terran 

Build Orders: Liberator Opening, MMM Bio 

Get SALT Encoding   

  12  0:01  SCV  
  13  0:14  SCV  
  14  0:19  Supply Depot  
  14  0:26  SCV  
  15  0:40  SCV  
  15  0:41  Barracks  
  16  0:44  Refinery  
  16  0:52  SCV  
  17  1:04  SCV  
  18  1:16  SCV  
  19  1:27  Marine  
  19  1:29  Orbital Command  
  20  1:40  Command Center  
  20  1:52  Factory  
  20  1:56  SCV  
  21  2:03  Barracks Reactor  
  21  2:09  Supply Depot  
  21  2:10  SCV  
  22  2:18  Refinery  
  23  2:22  SCV  
  23  2:35  SCV  
  24  2:40  Starport  
  24  2:45  Hellion x2  
  24  2:47  SCV  
  29  2:54  Orbital Command  
  29  2:59  SCV  
  30  3:06  Hellion  
  30  3:08  Hellion  
  30  3:11  SCV  
  35  3:12  Barracks Tech Lab  
  35  3:17  Medivac  
  37  3:21  SCV  
  38  3:28  Supply Depot, SCV  
  38  3:33  Liberator  
  39  3:35  SCV  
  39  3:40  Hellion x2, SCV  
  45  3:54  Supply Depot  
  45  3:55  SCV  
  49  4:06  SCV  
  49  4:07  Marine, Stimpack  
  49  4:08  SCV  
  52  4:15  Liberator  
  52  4:18  SCV  
  52  4:20  SCV  
  54  4:25  Command Center  
  54  4:30  SCV  
  55  4:33  SCV  
  59  4:42  Marine, SCV  
  59  4:45  SCV  
  60  4:54  SCV  
  60  4:57  SCV  
  60  4:58  Factory Reactor  
  60  4:59  Barracks  
  62  5:00  Barracks  
  62  5:03  Supply Depot  
  62  5:07  Engineering Bay x2  
  62  5:09  Marine, SCV x2  
  65  5:18  Supply Depot  
  65  5:21  SCV x2  
  65  5:27  Marine  
  68  5:29  Barracks  
  68  5:30  Barracks  
  68  5:33  Terran Infantry Armor Level 1, Terran Infantry Weapons Level 1, SCV x2  
  70  5:39  Orbital Command  
  70  5:46  SCV x2  
  70  5:48  Marine  
  70  5:49  Marine  
  73  5:50  Marine  
  73  5:56  Refinery  
  75  5:57  Refinery  
  75  5:58  SCV x2  
  75  6:00  Marine x2  
  76  6:05  Orbital Command  
  76  6:10  SCV x2  
  78  6:11  Combat Shields, Marine x2  
  78  6:13  Medivac  
  78  6:17  Barracks Reactor  
  78  6:18  Factory Reactor  
  83  6:20  Barracks Reactor  
  83  6:22  SCV x2  
  83  6:23  Marine x2  
  86  6:27  Marine  
  86  6:29  Supply Depot  
  86  6:30  SCV  
  86  6:32  Marine x2  
  90  6:34  SCV x2  
  92  6:41  Marine x2  
  92  6:42  SCV  
  92  6:44  Supply Depot  
  92  6:45  Marine  
  92  6:46  SCV  
  97  6:50  Marine x2, SCV  
  100  6:56  Supply Depot, Marine x3  
  100  6:58  Marine x2  
  100  7:00  SCV  
  106  7:03  Marine, SCV, Armory  
  106  7:04  Refinery, Marine  
  106  7:05  Factory Tech Lab  
  106  7:08  Marine x2  
  111  7:12  SCV  
  111  7:14  Marine x3  
  115  7:16  Marine  
  115  7:18  Barracks  
  115  7:19  Barracks  
  115  7:20  Barracks  
  115  7:22  Marine x2  
  116  7:23  SCV  
  116  7:29  Marine, SCV  
  117  7:36  Marine  
  118  7:38  Marine x5  
  118  7:40  Marine  
  118  7:43  Supply Depot  
  118  7:44  Siege Tank  
  127  7:45  Supply Depot  
  127  7:47  Supply Depot  
  127  7:51  Terran Infantry Weapons Level 2, Terran Infantry Armor Level 2  
  127  7:55  Marauder, Marine  
  127  7:56  Marine x3  
  133  8:04  Supply Depot, Medivac x2, Marine x4  
  141  8:08  Supply Depot  
  141  8:09  Supply Depot  
  136  8:15  Marine  
  136  8:16  Marine x3  
  136  8:17  Marauder  
  136  8:19  Siege Tank  
  141  8:28  Barracks Tech Lab x3  
  141  8:31  Marine x4  
  141  8:33  Marine  
  144  8:34  Supply Depot  
  144  8:37  Medivac x2  
  144  8:38  Marauder  
  150  8:44  Marine x3  
  153  8:48  Marine  
  153  8:50  Marauder  
  153  8:51  Marauder, Siege Tank, Concussive Shells  
  153  8:52  Supply Depot, Marine  
  162  8:55  Marine  
  162  8:56  Marine x2  
  165  9:05  Marauder x2, Marine x3  
  165  9:06  Marine  
  172  9:10  Marine  
  172  9:12  Marauder  
  175  9:18  Command Center  
  174  9:25  Marauder  
  174  9:27  Marauder  
  174  9:28  Marine  
  174  9:30  Marine  
  174  9:31  Marauder  
  182  9:32  Marine x3  
  182  9:33  Marauder  
  187  9:42  Marine  
  185  9:46  Marauder, Marine  
  185  9:47  Siege Tank, Marine  
  185  9:48  Marauder  
  185  9:52  Marauder  
  196  9:54  Supply Depot  
  196  9:55  Marauder  
  190  10:01  Marine  
  190  10:02  Marine x4  
  190  10:04  Terran Vehicle Weapons Level 1  
  195  10:08  Marauder  
  197  10:14  Marine x2  
  197  10:15  Marine  
  197  10:16  Marauder  
  197  10:17  Marauder  
  196  10:24  Marauder, Marine x2  
  200  10:38  Terran Infantry Weapons Level 3  
  198  10:50  Marine  
  198  10:51  Marauder  
  200  11:10  Marauder, Terran Infantry Armor Level 3  
  192  11:14  Marauder  
  192  11:15  Medivac x2  
  192  11:16  Marauder  
  200  11:21  Starport  
  200  11:23  Marine  
  200  11:24  Marauder, Marine x4  
  200  11:30  Refinery  
  200  11:32  Planetary Fortress  
  200  11:35  Refinery  
  200  11:37  Command Center  
  200  11:45  Marine  
  200  11:48  Viking x2  
  199  11:59  Terran Ship Weapons Level 1  
  199  12:07  Starport Reactor  
  199  12:11  Starport  
  199  12:15  Refinery  
  197  12:26  Missile Turret x2  
  197  12:27  Sensor Tower  
  197  12:28  Viking  
  186  12:49  Marauder x4, Marine x6  
  186  12:50  Viking x2  
  177  12:51  Viking  
  177  12:58  Medivac  
  181  12:59  Marine x2  
  183  13:07  Marine x6  
  183  13:10  Marauder, Marine  
  183  13:11  Marauder  
  183  13:12  Missile Turret  
  196  13:13  Marauder  
  196  13:14  Viking, Sensor Tower  
  196  13:17  Marine  
  199  13:23  Viking  
  200  13:41  Planetary Fortress  
  200  13:42  Missile Turret  
  199  14:00  Viking  
  194  14:11  Missile Turret  
  194  14:12  Missile Turret  
  194  14:13  Missile Turret  
  194  14:16  Viking x2  
  193  14:20  Viking x2  
  185  14:25  Ghost Academy  
  185  14:28  Refinery x2  
  185  14:30  Medivac  
  187  14:44  Missile Turret x2  
  187  14:46  Medivac  
  187  14:48  Command Center  
  187  14:51  Command Center  
  186  14:57  Ghost x3  
  177  15:07  SCV x3  
  177  15:08  Ghost  
  177  15:09  Marine x4  
  185  15:19  SCV x2  
  180  15:26  Ghost  
  178  15:36  SCV  
  178  15:37  SCV x2  
  181  15:46  Marauder, Marine  
  181  15:47  Marauder, Marine x7  
  181  15:48  Viking  
  181  15:49  SCV  
  196  15:58  Liberator x2  
  194  16:20  Fusion Core  
  194  16:24  Personal Cloaking  
  194  16:25  Terran Ship Weapons Level 2  
  186  16:50  Hi-Sec Auto Tracking  
  186  16:51  Planetary Fortress  
  186  16:58  Viking  
  186  16:59  Viking x4  
  191  17:17  Marauder  
  191  17:19  Marine  
  188  17:26  Marine  
  188  17:28  Viking  
  188  17:29  Viking x3  
  183  17:41  Marauder x2, Marine  
  183  17:43  Marine  
  189  17:44  Marauder  
  189  17:50  Nuke  
  186  18:00  Marauder  
  186  18:02  Marauder  
  186  18:03  Marauder  
  192  18:10  Marauder, Marine x6  
  191  18:21  Marauder  
  191  18:24  Marauder x2  
  191  18:26  Marine  
  193  18:28  Viking  
  193  18:29  Marine x4  
  193  18:31  Marauder  
  197  18:37  Nuke  
  197  18:41  Marine  
  197  18:42  Marauder  
  199  19:10  Marauder  
  199  19:11  Marine  
  200  19:28  Marauder  
  198  19:36  Medivac  
  186  19:50  Viking x4  
Tags
 
Add a new tag
Caveats
  • Supply blocks, unpowered buildings, or Contaminate may cause inaccurate times.
  • Supply counts are checked every 10 seconds.